 Dungeon Crawl Stone Soup version 0.30.0-20-g3615ddf2f0 (webtiles) character file.

Game seed: 11877593922687844860

1001 qw the Blocker (level 8, -3/48 HPs)
             Began as a Gargoyle Fighter on May 30, 2023.
             Slain by a gnoll sergeant
             ... wielding a +1 heavy trident
              (10 damage)
             ... on level 5 of the Dungeon.
             The game lasted 00:02:09 (3689 turns).

qw the Blocker (Gargoyle Fighter)                   Turns: 3689, Time: 00:02:09

Health: -3/48      AC: 12    Str: 27    XL:     8   Next: 20%
Magic:  8/8        EV:  8    Int:  8    God:
Gold:   73         SH: 17    Dex: 21    Spells: 7/7 levels left

rFire   . . .        Y - +0 war axe
rCold   . . .        o - +0 tower shield
rNeg    + + .        b - +0 scale mail
rPois   inf          (no helmet)
rElec   +            (no cloak)
rCorr   .            (no gloves)
SInv    .            (no boots)
Will    .....        a - amulet of Naimo {RegenMP *Slow Str+4 Dex+6} Stlth
                     g - ring of positive energy
HPRegen 0.28/turn    c - +6 ring of dexterity
MPRegen 0.51/turn

%: slow self (1%)
@: about to teleport
A: sickness immunity, AC +5, negative energy resistance 1, electricity
resistance, torment resistance 1, petrification resistance
a: no special abilities


You were on level 5 of the Dungeon.
You visited 2 branches of the dungeon, and saw 6 of its levels.

You collected 208 gold pieces.
You spent 135 gold pieces at shops.


Innate Abilities, Weirdness & Mutations

You are immune to sickness and miasma.
Your stone body is resilient. (AC +5)
You are immune to poison.
You resist negative energy. (rN+)
You are resistant to electric shocks. (rElec)
You are resistant to unholy torment.
You are immune to petrification.


   Skills:
 - Level 4.0 Fighting
 - Level 5.2 Axes
 - Level 3.2 Armour
 - Level 1.0 Dodging
 + Level 8.3 Shields


You had 7 spell levels left.
You didn't know any spells.
Your spell library was empty.

Inventory:

Hand Weapons
 j - a +0 flail
 Y - a +0 war axe (weapon)
Armour
 b - a +0 scale mail (worn)
 o - a +0 tower shield (worn)
Jewellery
 a - the amulet of Naimo (around neck) {RegenMP *Slow Str+4 Dex+6}
   (You acquired it on level 1 of the Dungeon)

   [amulet of magic regeneration]

   It increases your rate of magic regeneration.
   Str:       It affects your strength (+4).
   Dex:       It affects your dexterity (+6).
   *Slow:     It may slow you when you take damage.
 c - a +6 ring of dexterity (right hand)
 g - a ring of positive energy (left hand)
Scrolls
 h - 2 scrolls of enchant armour
 i - a scroll of identify
 p - 3 scrolls of teleportation
Potions
 d - a potion of might
 e - a potion of resistance
 f - a potion of curing
 k - a potion of lignification
 m - a potion of attraction {unknown}
 n - a potion of flight {unknown}
 r - a potion of haste {unknown}
 s - a potion of magic {unknown}

Dungeon Overview and Level Annotations

Branches:
Dungeon (5/15)             Temple (1/1) D:4

Altars:
Ashenzari
Elyvilon
Fedhas
Hepliaklqana
Kikubaaqudgha
Makhleb
Nemelex Xobeh
Qazlal
Ru
Sif Muna
Vehumet
Wu Jian
Yredelemnul
Zin

Shops:
D:4 ?


Message History

You closely miss the gnoll. You hit the gnoll. You block the gnoll's attack.
The gnoll sergeant hits you with a +1 heavy trident!
You block the gnoll's attack.
You hit the gnoll.
The gnoll is severely wounded.
You hit the gnoll sergeant. You hit the gnoll.
You block the gnoll's attack. x2; The gnoll barely misses you.
You block the gnoll sergeant's attack.
You slash the gnoll!
You kill the gnoll!
You hit the gnoll sergeant but do no damage.
You slash the gnoll! The gnoll barely misses you. You block the gnoll's attack.
You block the gnoll sergeant's attack. You block the gnoll's attack.
The gnoll hits you from afar with a +0 spear!
The sleepcap releases spores at you but does no damage.
You barely miss the gnoll.
The gnoll is severely wounded.
You hit the gnoll sergeant. You hit the sleepcap but do no damage.
You block the gnoll's attack. The sleepcap closely misses you.
You block the gnoll's attack. The gnoll sergeant barely misses you.
You hit the gnoll.
The gnoll is almost dead.
You hit the sleepcap but do no damage. You slash the gnoll sergeant!
You block the gnoll's attack. x2; The sleepcap releases spores at you.
The gnoll hits you with a +0 spear. The gnoll hits you but does no damage.
You block the sleepcap's attack.
The gnoll sergeant hits you with a +1 heavy trident!
3688 ||| READING 4 scrolls of teleportation.
As you read the scroll of teleportation, it crumbles to dust.
You feel strangely unstable. The gnoll misses you.
You block the sleepcap's attack.
The gnoll hits you from afar with a +0 spear.
You hit the gnoll.
You kill the gnoll!
You hit the sleepcap.
You hit the gnoll sergeant but do no damage.
The gnoll sergeant hits you with a +1 heavy trident!
You die...

.~~..# .. # #
......##.. ..#.
..........#
.... 7/._....
.# #..77.....#
..#
#.....g...##..#
#..gf~~.....#
##..)@~~.....#
#....)......# #
#...###.....###
... ...
######.###.#
..+#######+
#.......#
#.#...#...#
#####.#####
..#.%.#...#
#.........#
..#.......#
#.###.###.#
#####._.### #.#
#.###.#


You could see a sleepcap, a gnoll sergeant and a gnoll.

Vanquished Creatures
  Sigmund (D:2)
  A black bear (D:4)
  2 ice beasts (D:5)
  A phantom (D:4)
  2 scorpions
  2 hounds (D:5)
  An orc priest (D:4)
  Ijyb (D:5)
  An iguana (D:5)
  An orc wizard (D:5)
  4 gnolls
  7 adders
  A worm (D:2)
  5 dart slugs
  6 orcs
  10 bats
  5 endoplasms
  4 giant cockroaches
  9 goblins
  9 hobgoblins
  14 jackals
  7 kobolds
  5 quokkas
  8 ball pythons
  7 frilled lizards
  4 rats
  A spectral goblin (D:1)
119 creatures vanquished.

Notes
Turn   | Place    | Note
-------+----------+-------------------------------------------
     0 | D:1      | qw the Gargoyle Fighter began the quest for the Orb.
     0 | D:1      | Reached XP level 1. HP: 14/14 MP: 1/1
     0 | D:1      | 0 ||| qw: Version: 0.2-a-102-g2b76a06
     0 | D:1      | 0 ||| qw: Game counter: 474
     0 | D:1      | 0 ||| qw: Always use a shield: true
     0 | D:1      | 0 ||| qw: God list: Okawaru
     0 | D:1      | 0 ||| qw: Allow faded altars: false
     0 | D:1      | 0 ||| qw: Do Orc after D:15 true
     0 | D:1      | 0 ||| qw: Do second Lair branch before Depths: true
     0 | D:1      | 0 ||| qw: Lair rune preference: random
     0 | D:1      | 0 ||| qw: Plans: Normal, Zot:1-4, Slime:5, God:TSO, Crypt,
                  | Tomb, Pan, Hells, Abyss, Win
     0 | D:1      | 0 ||| PLANNING D:1-11
   103 | D:1      | Reached XP level 2. HP: 19/19 MP: 2/2
   109 | D:1      | 109 ||| Stepping ~*~*~tactically~*~*~ (stealth).
   111 | D:1      | 111 ||| Stepping ~*~*~tactically~*~*~ (hiding).
   115 | D:1      | 115 ||| Stepping ~*~*~tactically~*~*~ (hiding).
   206 | D:1      | Reached skill level 3 in Axes
   251 | D:1      | Reached XP level 3. HP: 23/23 MP: 3/3
   283 | D:1      | 283 ||| FLEEEEING.
   289 | D:1      | 289 ||| Stepping ~*~*~tactically~*~*~ (stealth).
   397 | D:1      | Found a faded altar of an unknown god.
   745 | D:1      | 745 ||| READING scroll labelled EFAIMO CONLY.
   748 | D:1      | 748 ||| READING 2 scrolls labelled JOHAUC AHUDEH.
   749 | D:1      | 749 ||| READING scroll labelled CIUKAS YQIUNU.
   749 | D:1      | Identified a scroll of acquirement
   749 | D:1      | 749 ||| ACQUIRING amulet of Naimo {RegenMP *Slow Str+4
                  | Dex+6}
   749 | D:1      | Acquired the amulet of Naimo {RegenMP *Slow Str+4 Dex+6}
   751 | D:1      | 751 ||| UPGRADING to amulet of Naimo {RegenMP *Slow Str+4
                  | Dex+6}.
   756 | D:1      | 756 ||| READING scroll labelled FOZAPP BYUL.
   757 | D:1      | 757 ||| READING scroll labelled RITUNW QAXO.
   758 | D:1      | 758 ||| DROPPING scroll of fear.
   856 | D:2      | Reached skill level 1 in Dodging
   856 | D:2      | Reached XP level 4. HP: 28/28 MP: 4/4
   962 | D:2      | 962 ||| Stepping ~*~*~tactically~*~*~ (stealth).
  1032 | D:2      | Noticed Sigmund
  1040 | D:2      | Killed Sigmund
  1041 | D:2      | Reached XP level 5. HP: 20/32 MP: 5/5
  1205 | D:2      | 1205 ||| Stepping ~*~*~tactically~*~*~ (stealth).
  1206 | D:2      | 1206 ||| Stepping ~*~*~tactically~*~*~ (stealth).
  1214 | D:2      | Reached XP level 6. HP: 37/37 MP: 6/6
  1522 | D:2      | 1522 ||| Stepping ~*~*~tactically~*~*~ (stealth).
  1546 | D:2      | 1546 ||| Stepping ~*~*~tactically~*~*~ (hiding).
  1793 | D:2      | 1793 ||| UPGRADING to +0 tower shield.
  1803 | D:2      | 1803 ||| DROPPING +0 buckler.
  1804 | D:2      | 1804 ||| UPGRADING to ring of positive energy.
  1805 | D:2      | 1805 ||| READING 3 scrolls labelled VASAYQ BUTOYNG.
  1806 | D:2      | 1806 ||| READING scroll labelled SITU FECOQUWN.
  1831 | D:2      | 1831 ||| READING scroll labelled NERATE TELLEFE.
  1832 | D:2      | 1832 ||| READING 2 scrolls labelled VEBBIPECUPT.
  1833 | D:2      | 1833 ||| READING 2 scrolls of identify.
  1833 | D:2      | 1833 ||| IDENTIFYING ruby potion
  1834 | D:2      | 1834 ||| DROPPING scroll of vulnerability.
  2519 | D:3      | 2519 ||| UPGRADING to +6 ring of dexterity.
  2520 | D:3      | 2520 ||| READING scroll labelled XEBINL TEAWKI.
  2521 | D:3      | 2521 ||| READING 2 scrolls of identify.
  2521 | D:3      | 2521 ||| IDENTIFYING puce potion
  2522 | D:3      | 2522 ||| DROPPING potion of degeneration.
  2596 | D:4      | Found a blossoming altar of Fedhas.
  2597 | D:4      | 2597 ||| Stepping ~*~*~tactically~*~*~ (hiding).
  2627 | D:4      | Noticed a black bear
  2634 | D:4      | Killed a black bear
  2635 | D:4      | Reached skill level 4 in Shields
  2704 | D:4      | 2704 ||| Stepping ~*~*~tactically~*~*~ (stealth).
  2715 | D:4      | Reached skill level 5 in Shields
  2715 | D:4      | Reached XP level 7. HP: 32/43 MP: 7/7
  2759 | D:4      | 2759 ||| DROPPING +0 whip.
  2933 | D:4      | Found a staircase to the Ecumenical Temple.
  2934 | D:4      | 2934 ||| PLANNING TEMPLE
  2934 | D:4      | 2934 ||| READING scroll labelled ABBIJO FOZATY.
  2943 | Temple   | Entered the Ecumenical Temple
  2957 | Temple   | 2957 ||| PLANNING D:1-11
  2976 | D:4      | Found Suydghaeps's Magic Scroll Shoppe.
  2983 | D:4      | 2983 ||| BUYING scroll of enchant armour (75 gold).
  2983 | D:4      | Bought a scroll of enchant armour for 75 gold pieces
  2983 | D:4      | 2983 ||| BUYING scroll of identify (20 gold).
  2983 | D:4      | Bought a scroll of identify for 20 gold pieces
  2983 | D:4      | 2983 ||| BUYING scroll of identify (20 gold).
  2983 | D:4      | Bought a scroll of identify for 20 gold pieces
  2983 | D:4      | 2983 ||| BUYING scroll of identify (20 gold).
  2983 | D:4      | Bought a scroll of identify for 20 gold pieces
  3258 | D:4      | 3258 ||| READING 4 scrolls of identify.
  3258 | D:4      | 3258 ||| IDENTIFYING brown potion
  3259 | D:4      | 3259 ||| READING 3 scrolls of identify.
  3259 | D:4      | 3259 ||| IDENTIFYING viscous brown potion
  3260 | D:4      | 3260 ||| READING 2 scrolls of identify.
  3260 | D:4      | 3260 ||| IDENTIFYING white potion
  3261 | D:4      | 3261 ||| DROPPING potion of invisibility.
  3275 | D:5      | Entered Level 5 of the Dungeon
  3290 | D:5      | 3290 ||| STAIRDANCE
  3294 | D:4      | Reached skill level 6 in Shields
  3424 | D:5      | Reached skill level 7 in Shields
  3461 | D:5      | Found a hazy altar of Hepliaklqana.
  3481 | D:5      | Found a sacrificial altar of Ru.
  3483 | D:5      | 3483 ||| Stepping ~*~*~tactically~*~*~ (hiding).
  3510 | D:5      | Noticed Ijyb
  3520 | D:5      | Killed Ijyb
  3532 | D:5      | 3532 ||| Stepping ~*~*~tactically~*~*~ (stealth).
  3550 | D:5      | Reached XP level 8. HP: 47/48 MP: 8/8
  3562 | D:5      | 3562 ||| Stepping ~*~*~tactically~*~*~ (stealth).
  3586 | D:5      | Reached skill level 8 in Shields
  3676 | D:5      | Found an ornate altar of the Wu Jian Council.
  3687 | D:5      | HP: 11/48 [gnoll sergeant/+1 heavy trident (10)]
  3688 | D:5      | 3688 ||| READING 4 scrolls of teleportation.
  3689 | D:5      | Slain by a gnoll sergeant

Levels and vault maps discovered:
D:1:      psy_arrival_whirlpool, layout_loops_cross,
          dreamdust_ecumenical_altar_drowned_temple
D:2:      layout_basic, minmay_split_cup_large, uniq_sigmund
D:3:      layout_basic, minmay_misc_feat_iff
D:4:      layout_loops_cross, fedhas_altar_2, minmay_temple_entry_mini_moons,
          serial_shops, shop
D:5:      lemuel_ratsnest, layout_loops_corners, mainiacjoe_overflow_boulevard,
          nicolae_wu_jian_wuxing_cycle, nicolae_ru_great_annihilating_truth,
          uniq_ijyb
Temple:   hellmonk_temple_rainy

Skill      XL: |  1  2  3  4  5  6  7  8 |
---------------+-------------------------+-----
Axes           | 2 3 5 |  5.2
Dodging        | 1 |  1.0
Fighting       | 4 |  4.0
Shields        | 5 7 8 |  8.3
Armour         | |  3.2

Action                     |  1- 3 |  4- 6 |  7- 9 || total
---------------------------+-------+-------+-------++-------
  Melee: War axe           |    88 |   166 |   102 ||   356
    Use: Scroll            |     5 |     7 |     5 ||    17
   Stab: Paralysed         |       |       |     3 ||     3
         Invisible         |       |       |     1 ||     1
 Armour: Scale mail        |    42 |    71 |    25 ||   138
  Dodge: Dodged            |    30 |    75 |    18 ||   123
  Block: Buckler           |    31 |    20 |       ||    51
         Tower shield      |       |    40 |    98 ||   138

Table legend:
 A = Non-vault XP
 B = Vault XP
 C = Vault XP percentage of total XP
 D = Non-vault monster count
 E = Vault monster count
 F = Vault count percentage of total count
                 A         B        C        D         E       F
            +---------+---------+-------+---------+---------+-------
      Total |    1128 |     317 |  21.9 |     108 |      11 |   9.2
            +---------+---------+-------+---------+---------+-------
        D:1 |      61 |       1 |   1.6 |      25 |       1 |   3.8
        D:2 |      86 |     238 |  73.5 |      32 |       5 |  13.5
        D:3 |      55 |       0 |   0.0 |      20 |       0 |   0.0
        D:4 |     390 |       0 |   0.0 |      17 |       0 |   0.0
        D:5 |     536 |      78 |  12.7 |      14 |       5 |  26.3
            +---------+---------+-------+---------+---------+-------
